 Dungeon Crawl Stone Soup version 0.28-a0-1447-ga5a8893891 (webtiles) character file.

Game seed: 2009500580095455204

54 HallandMoats the Skirmisher (level 3, 0/30 HPs)
             Began as a Demonspawn Fighter on Jan 10, 2022.
             Was a Follower of Nemelex Xobeh.
             Slain by a kobold (1 damage)
             ... on level 2 of the Dungeon.
             The game lasted 00:02:07 (1444 turns).

HallandMoats the Skirmisher (Demonspawn Fighter)    Turns: 1444, Time: 00:02:08

Health: 0/30       AC: 12    Str: 18    XL:     3   Next: 66%
Magic:  3/3        EV:  9    Int:  9    God:    Nemelex Xobeh [*.....]
Gold:   48         SH:  4    Dex: 12    Spells: 2/2 levels left

rFire   . . .      SeeInvis .   b - +0 hunting sling
rCold   . . .      Faith    .   c - +0 buckler
rNeg    . . .      Spirit   .   j - +0 scale mail
rPois   .          Reflect  .   (no helmet)
rElec   .          Harm     .   e - scarf {+Inv}
rCorr   .          Rampage  .   (no gloves)
Will    .....                   (no boots)
Stlth   ..........              (no amulet)
HPRegen 0.10/turn               (no ring)
MPRegen 0.08/turn               (no ring)

@: sanguine armoured
A: powered by pain 1, sanguine armour 1
a: Renounce Religion, Evoke Invisibility, Draw Escape, Draw Destruction, Draw
Summoning


You were on level 2 of the Dungeon.
You worshipped Nemelex Xobeh.
Nemelex Xobeh was aware of your devotion.
You visited 1 branch of the dungeon, and saw 2 of its levels.

You collected 48 gold pieces.

Inventory:

Hand Weapons
 a - a +0 flail
 b - a +0 hunting sling (weapon)
Missiles
 i - 15 sling bullets (quivered ammo)
Armour
 c - a +0 buckler (worn)
 e - a scarf of invisibility (worn)
 j - a +0 scale mail (worn)
Jewellery
 f - a ring of flight
Scrolls
 h - a scroll of enchant weapon {unknown}
 m - a scroll of identify {unknown}
Potions
 d - a potion of might
 g - a potion of haste {unknown}
 k - a potion of magic {unknown}
 l - a potion of curing {unknown}


   Skills:
 * Level 3.6 Fighting
 - Level 2.1 Maces & Flails
 * Level 0.7 Slings
 + Level 2.9 Armour
 + Level 0.7 Dodging
 + Level 2.9 Shields


You had 2 spell levels left.
You didn't know any spells.
Your spell library was empty.

Dungeon Overview and Level Annotations

Branches:
Dungeon (2/15)

Altars:
Nemelex Xobeh


Innate Abilities, Weirdness & Mutations

You sometimes gain a little power by taking damage.
When seriously injured, your blood forms armour. (AC +6)


Message History

The rat bites you but does no damage. The kobold hits you but does no damage.
The rat completely misses you. The kobold hits you but does no damage.
The rat bites you but does no damage. The kobold hits you but does no damage.
The rat closely misses you. The kobold barely misses you.
The rat barely misses you. The kobold misses you. The rat closely misses you.
The kobold hits you with a +0 dagger.
* * * LOW HITPOINT WARNING * * *
The rat barely misses you. The kobold barely misses you.
You block the rat's attack. The kobold hits you but does no damage.
The rat bites you but does no damage. The kobold hits you but does no damage.
The rat bites you but does no damage. The kobold hits you but does no damage.
The rat barely misses you. The kobold hits you but does no damage.
The rat bites you but does no damage. The kobold hits you but does no damage.
The rat bites you but does no damage. The kobold hits you but does no damage.
The rat bites you but does no damage. The kobold hits you but does no damage.
The rat closely misses you. The kobold hits you but does no damage.
You block the rat's attack. The kobold hits you but does no damage.
You block the rat's attack. The kobold hits you but does no damage.
The rat closely misses you. You block the kobold's attack.
The rat bites you but does no damage. The kobold misses you.
The rat barely misses you. The kobold hits you with a +0 dagger.
* * * LOW HITPOINT WARNING * * *
The rat bites you.
* * * LOW HITPOINT WARNING * * *
The kobold hits you with a +0 dagger.
* * * LOW HITPOINT WARNING * * *
You block the rat's attack. The kobold hits you with a +0 dagger.
* * * LOW HITPOINT WARNING * * *
The rat bites you but does no damage. The kobold hits you but does no damage.
You block the rat's attack. The kobold hits you but does no damage.
The rat barely misses you. The kobold closely misses you.
The rat bites you but does no damage. The kobold hits you but does no damage.
You block the rat's attack. The kobold hits you with a +0 dagger.
* * * LOW HITPOINT WARNING * * *
The rat bites you but does no damage. You block the kobold's attack.
The rat bites you but does no damage. The kobold misses you.
The rat bites you but does no damage. The kobold misses you.
The rat barely misses you. The kobold hits you with a +0 dagger.
You die...
Your body disappears without a glow.

....#....†.....# #.#
###.#########†.#### #.#
#.# #.........###.# #.#
#.#######.#...# #.# #.#
#.#.### #. #.# #.#.#
#.#######.#.#
#.#####.#.........#
#.......#..#.#@r#######
#######.#.#.#.#K......#
#....#_#..#####.#
###.#.#.#.## .#
#..#.#...# .#
#........# .#
##.......# K# ##.#...##
.# ##.#..### .#


You could see a kobold and a rat.

Vanquished Creatures
  3 adders (D:2)
  A dart slug (D:1)
  3 bats (D:1)
  An endoplasm (D:1)
  A giant cockroach (D:1)
  2 goblins (D:1)
  4 hobgoblins
  A quokka (D:1)
  4 ball pythons (D:1)
  4 frilled lizards
  3 kobolds
  A rat (D:1)
28 creatures vanquished.

Notes
Turn   | Place    | Note
-------+----------+-------------------------------------------
     0 | D:1      | HallandMoats the Demonspawn Fighter began the quest for the
                  | Orb.
     0 | D:1      | Reached XP level 1. HP: 18/18 MP: 1/1
   410 | D:1      | Gained mutation: When seriously injured, your blood forms
                  | armour. (AC +6) [demonic ancestry]
   410 | D:1      | Reached XP level 2. HP: 24/24 MP: 2/2
   827 | D:2      | Gained mutation: You sometimes gain a little power by
                  | taking damage. [demonic ancestry]
   827 | D:2      | Reached XP level 3. HP: 16/29 MP: 3/3
  1193 | D:2      | Found a faded altar of an unknown god.
  1322 | D:2      | Prayed at the altar of an unknown god.
  1322 | D:2      | Became a worshipper of Nemelex Xobeh the Trickster
  1322 | D:2      | Reached * piety under Nemelex Xobeh
  1322 | D:2      | Received a gift from Nemelex Xobeh
  1440 | D:2      | HP: 1/30 [kobold (2)]
  1444 | D:2      | Slain by a kobold

Illustrated notes

Levels and vault maps discovered:
D:1:      kennysheep_arrival_forest, layout_basic
D:2:      layout_loops_ring, chequers_ecumenical_altar_simple_redux, uniq_robin,
          uniq_terence, uniq_natasha

Skill      XL: |  1 |
---------------+----+-----
Maces & Flails | 2 |  2.1
Fighting       | |  3.6
Slings         | |  0.7
Armour         | |  2.9
Dodging        | |  0.7
Shields        | |  2.9

Action                   || total
-------------------------++-------
Melee: Flail             ||    43
 Fire: Hunting sling     ||    52
Armor: Scale mail        ||   118
Dodge: Dodged            ||    99
Block: Buckler           ||    44

Table legend: (Time is in decaauts)
 A = Elapsed time spent in this place.
 B = Non-inter-level travel time spent in this place.
 C = Inter-level travel time spent in this place.
 D = Time resting spent in this place.
 E = Time spent auto-exploring this place.
 F = Levels seen in this place.
 G = Mean time per level.
                   A        B        C        D        E       F      G
               +--------+--------+--------+--------+--------+-----+--------+
         Total |   1470 |   1297 |    173 |    254 |    693 |   2 |  735.0 |
       Dungeon |   1470 |   1297 |    173 |    254 |    693 |   2 |  735.0 |
               +--------+--------+--------+--------+--------+-----+--------+

Top non-repeatable levels by time:
     D:1: 815 daAuts
     D:2: 654 daAuts
